 Dungeon Crawl Stone Soup version 0.28-a0-422-gd71735cc25 (webtiles) character file.

Game seed: 3259372946036498136

461 heikuro the Shield-Bearer (level 7, -6/60 HPs)
             Began as a Formicid Fighter on Sept 8, 2021.
             Was a Priest of Ashenzari.
             Mangled by Menkaure (7 damage)
             ... on level 5 of the Dungeon.
             The game lasted 00:07:02 (3384 turns).

heikuro the Shield-Bearer (Formicid Fighter)        Turns: 3384, Time: 00:07:02

Health: -6/60      AC: 13    Str: 22    XL:     7   Next: 28%
Magic:  7/7        EV:  8    Int:  8    God:    Ashenzari [***...]
Gold:   158        SH:  6    Dex: 16    Spells: 6/6 levels left

rFire   . . .      SeeInvis +   a - +0 long sword
rCold   . . .      Faith    .   c - +0 buckler of Ouranomancy {Alch, Comp} (curse)
rNeg    . . .      Spirit   .   g - +0 chain mail "Ruined Together" {Comp, Elem} (curse)
rPois   .          Reflect  .   (helmet unavailable)
rElec   .          Harm     .   k - +0 cloak of Panopticon {Self, Fort} (curse)
rCorr   .          Rampage  .   (no gloves)
Will    .....      Clarity  +   o - +0 pair of boots of the Prophetic Portent {Self, Comp} (curse)
Stlth   ..........              (no amulet)
HPRegen 0.20/turn               n - +6 ring of dexterity
MPRegen 0.10/turn               (no ring)

@: no status effects
A: permanent stasis, dig shafts and tunnels, antennae 3, four strong arms
a: Dig, Shaft Self, Renounce Religion, Shatter the Chains


You were on level 5 of the Dungeon.
You worshipped Ashenzari.
Ashenzari was most pleased with you.
You visited 1 branch of the dungeon, and saw 5 of its levels.

You collected 158 gold pieces.

Inventory:

Hand Weapons
 a - a +0 long sword (weapon)
Armour
 c - the cursed +0 buckler of Ouranomancy (worn) {Alch, Comp}

   It has a curse which improves the following skills: Alchemy: Poison Magic and
   Transmutations.
   Companions: Summonings and Necromancy.
 g - the cursed +0 chain mail "Ruined Together" (worn) {Comp, Elem}
   (You found it on level 1 of the Dungeon)

   It has a curse which improves the following skills: Companions: Summonings
   and Necromancy.
   Elements:  Fire Magic, Ice Magic, Air Magic and Earth Magic.
 k - the cursed +0 cloak of Panopticon (worn) {Self, Fort}
   (You found it on level 2 of the Dungeon)

   It has a curse which improves the following skills: Introspection: Fighting
   and Spellcasting.
   Fortitude: Armour and Shields.
 o - the cursed +0 pair of boots of the Prophetic Portent (worn) {Self, Comp}
   (You found it on level 3 of the Dungeon)

   It has a curse which improves the following skills: Introspection: Fighting
   and Spellcasting.
   Companions: Summonings and Necromancy.
Jewellery
 n - a +6 ring of dexterity (left hand)
Wands
 h - a wand of paralysis (10)
Scrolls
 e - 2 scrolls of magic mapping
 f - 5 scrolls of identify
 j - a scroll of acquirement
 l - 2 scrolls of fog
 p - 3 scrolls of enchant armour
 q - a scroll of summoning
 s - a scroll of brand weapon
Potions
 b - a potion of mutation
 d - a potion of might
 i - 2 potions of cancellation
 m - a potion of heal wounds
 r - a potion of ambrosia


   Skills:
 + Level 4.7(7.5) Fighting
 * Level 4.8 Long Blades
 + Level 4.8(6.6) Armour
 + Level 5.2(7.1) Shields


You had 6 spell levels left.
You didn't know any spells.
Your spell library contained the following spells:

 Spells                   Type           Power      Damage    Failure   Level
 Foxfire                  Conj/Fire      0%         2x1d4     96%         1
 Slow                     Hex            0%         N/A       99%         2
 Confusing Touch          Hex            0%         N/A       100%        3
 Conjure Flame            Conj/Fire      0%         6-21      100%        3
 Inner Flame              Hex/Fire       0%         N/A       100%        3
 Tukima's Dance           Hex            0%         N/A       100%        3
 Flame Wave               Conj/Fire      0%         3d3       100%        4
 Passage of Golubria      Tloc           N/A        N/A       100%        4
 Yara's Violent Unravell  Hex/Tmut       0%         3d3       100%        5


Dungeon Overview and Level Annotations

Branches:
Dungeon (5/15)
 Temple: D:4-7

Altars:
Ashenzari
Gozag
Ru
Trog

Shops:
D:3 :   D:4 ?

Annotations:
D:5 Menkaure


Innate Abilities, Weirdness & Mutations

You cannot be hasted, slowed, berserked, paralysed or teleported.
You can dig through walls and to a lower floor.
You have a pair of large antennae on your head. (SInv)
Your four strong arms can wield two-handed weapons with a shield.


Message History

Menkaure gestures wildly while chanting.
Menkaure seems to speed up.
Menkaure points at you and mumbles some strange words.
Pain shoots through your body!
You slash Menkaure!
Menkaure is heavily damaged.
Menkaure blazes with dark energy!
You block Menkaure's attack.
You hit Menkaure.
Menkaure is severely damaged.
You block Menkaure's attack.
You hit Menkaure but do no damage.
Menkaure is severely damaged.
Menkaure points at you and mumbles some strange words.
You struggle to resist.
Menkaure closely misses you.
You barely miss Menkaure.
Menkaure is severely damaged.
Menkaure hits you!
You barely miss Menkaure.
Menkaure is severely damaged.
Menkaure hits you! Menkaure hits you.
You hit Menkaure.
Menkaure is almost destroyed.
Menkaure hits you!
You barely miss Menkaure.
Menkaure is almost destroyed.
Menkaure hits you!!
* * * LOW HITPOINT WARNING * * *
Menkaure casts a spell at you. Pain shoots through your body!
* * * LOW HITPOINT WARNING * * *
You hit Menkaure.
Menkaure is almost destroyed.
Menkaure calls on the powers of darkness!
You feel a surge of unholy energy.
Unknown command.
You hit Menkaure.
Menkaure is almost destroyed.
Menkaure hits you!
You die...

* ##M.#* * * , ,...., ,
, , , ...** * ,* * *
..##### * * * *
*......# ,, * #########
##......., ,
,,...)....#####........
, ........##M..........
, .>.....<.@###.###....
, ,, .........##
....**... , ,
######..## 8...8.#, . ,
, $.$.$#.## .......# ,,
,, .....#. ,...._.....,
* .._$.#. .#.......###
* ,*,
*.....#..##.8...8.#
.....#. , #+## ** *


You could see Menkaure (fast).

Vanquished Creatures
  A black bear (D:4)
  An ogre (D:4)
  A scorpion (D:4)
  A centaur zombie (D:3)
  A hound (D:4)
  An orc wizard (D:4)
  A hound skeleton (D:4)
  4 adders
  An ufetubus (D:4)
  An adder skeleton (D:4)
  A worm (D:3)
  A dart slug (D:4)
  8 orcs
  7 ball pythons
  6 endoplasms
  4 giant cockroaches
  8 goblins
  3 hobgoblins
  4 kobolds
  5 quokkas
  A bat (D:3)
  4 frilled lizards
  3 rats
68 creatures vanquished.

Vanquished Creatures (others)
  An orc wizard (D:4)
1 creature vanquished.

Grand Total: 69 creatures vanquished

Notes
Turn   | Place    | Note
-------+----------+-------------------------------------------
     0 | D:1      | heikuro the Formicid Fighter began the quest for the Orb.
     0 | D:1      | Reached XP level 1. HP: 18/18 MP: 1/1
   520 | D:1      | Reached XP level 2. HP: 23/24 MP: 2/2
   759 | D:1      | Found a faded altar of an unknown god.
   960 | D:1      | Became a worshipper of Ashenzari the Shackled
  1054 | D:2      | Reached XP level 3. HP: 28/29 MP: 3/3
  1106 | D:2      | Reached skill level 4 in Shields
  1195 | D:2      | Reached XP level 4. HP: 37/37 MP: 4/4
  1316 | D:2      | Identified a scroll of acquirement
  1681 | D:3      | Found Oteyt's Book Emporium.
  1844 | D:3      | Reached * piety under Ashenzari
  1996 | D:3      | Found a bloodstained altar of Trog.
  2228 | D:3      | Reached XP level 5. HP: 40/42 MP: 5/5
  2277 | D:3      | Reached ** piety under Ashenzari
  2439 | D:4      | Noticed a black bear
  2447 | D:4      | Killed a black bear
  2448 | D:4      | Reached XP level 6. HP: 45/52 MP: 6/6
  2817 | D:4      | Noticed an ogre
  2825 | D:4      | Killed an ogre
  2826 | D:4      | Reached skill level 5 in Shields
  2826 | D:4      | Reached XP level 7. HP: 58/58 MP: 7/7
  3012 | D:4      | Reached *** piety under Ashenzari
  3101 | D:4      | Found Sukoid's Magic Scroll Shop.
  3359 | D:5      | Entered Level 5 of the Dungeon
  3359 | D:5      | Found a sacrificial altar of Ru.
  3364 | D:5      | Found an opulent altar of Gozag.
  3366 | D:5      | Noticed Menkaure
  3382 | D:5      | HP: 3/60 [Menkaure (19)]
  3382 | D:5      | HP: 1/60 [Menkaure/nerve-wracking pain (2)]
  3384 | D:5      | Mangled by Menkaure

Illustrated notes

Levels and vault maps discovered:
D:1:      dpeg_arrival_snail, layout_basic, shapermc_ecumenical_altar_acropolis
D:2:      layout_basic, kennysheep_generic_room_10
D:3:      layout_loops_ring, lemuel_tele_altar, serial_shops,
          nicolae_square_shop, corexii_shack, minmay_bisected
D:4:      layout_basic, serial_shops, kennysheep_little_box, chequers_arboretum,
          minmay_cupped
D:5:      layout_rooms, grunt_gozag_statues, amcnicky_altar_gilded,
          minmay_temple_entry_mist, uniq_ijyb, uniq_menkaure

Skill      XL: |  1  2  3  4  5  6 |
---------------+-------------------+-----
Shields        | 4 5 |  5.2
Long Blades    | 3 4 |  4.8
Fighting       | 4 |  4.7
Armour         | 4 |  4.8

Action                   |  1- 3 |  4- 6 |  7- 9 || total
-------------------------+-------+-------+-------++-------
Melee: Long sword        |    58 |   133 |    66 ||   257
Invok: Curse Item        |     1 |     2 |     1 ||     4
Evoke: Wand              |       |     1 |       ||     1
  Use: Potion            |       |     1 |       ||     1
 Stab: Paralysed         |       |     5 |       ||     5
Armor: Scale mail        |     7 |       |       ||     7
       Chain mail        |    26 |    71 |    27 ||   124
Dodge: Dodged            |    16 |    42 |    19 ||    77
Block: Buckler           |     5 |    30 |    15 ||    50

Table legend: (Time is in decaauts)
 A = Elapsed time spent in this place.
 B = Non-inter-level travel time spent in this place.
 C = Inter-level travel time spent in this place.
 D = Time resting spent in this place.
 E = Time spent auto-exploring this place.
 F = Levels seen in this place.
 G = Mean time per level.
                   A        B        C        D        E       F      G
               +--------+--------+--------+--------+--------+-----+--------+
         Total |   3442 |   3342 |    100 |    265 |   2279 |   5 |  688.4 |
       Dungeon |   3442 |   3342 |    100 |    265 |   2279 |   5 |  688.4 |
               +--------+--------+--------+--------+--------+-----+--------+

Top non-repeatable levels by time:
     D:1: 986 daAuts
     D:4: 983 daAuts
     D:3: 758 daAuts
     D:2: 686 daAuts
     D:5: 26 daAuts
